 Dungeon Crawl Stone Soup version 0.27-a0-1136-g0b992a5a9d (webtiles) character file.

Game seed: 9569481122874370760

31157 siradein the Spear-Bearer (level 13, 0/99 HPs)
             Began as a Demonspawn Gladiator on May 6, 2021.
             Was an Elder of Nemelex Xobeh.
             Slain by a five-headed hydra (5 damage)
             ... on level 5 of the Lair of Beasts.
             The game lasted 01:08:10 (17739 turns).

siradein the Spear-Bearer (Demonspawn Gladiator)   Turns: 17739, Time: 01:08:12

Health: 0/99       AC: 10    Str: 18    XL:     13   Next: 24%
Magic:  19/21      EV: 17    Int:  9    God:    Nemelex Xobeh [****..]
Gold:   1221       SH: 10    Dex: 17    Spells: 7/12 levels left

rFire    + . .     SeeInvis .   N - +1 trident (venom)
rCold    + . .     Faith    .   D - +0 buckler
rNeg     . . .     Spirit   .   B - +3 leather armour {rC+}
rPois    .         Reflect  .   C - +1 helmet
rElec    .         Harm     .   (no cloak)
rCorr    .         Rampage  .   n - +0 pair of gloves
Will     +++..                  t - +0 pair of boots
Stlth    ++........             A - amulet "Luveceusam" {*Slow Fragile Will+++ Regen+ Slay+4}
HPRegen  1.26/turn              v - ring of protection from fire
MPRegen  0.17/turn              c - ring of flight

@: mighty, flying
A: talons 1, spiny 1, black mark, sturdy frame 3, condensation shield,
bedeviling
a: Renounce Religion, Draw Escape, Draw Destruction, Draw Summoning, Triple
Draw, Deal Four


You were on level 5 of the Lair of Beasts.
You worshipped Nemelex Xobeh.
Nemelex Xobeh was greatly pleased with you.
You visited 3 branches of the dungeon, and saw 17 of its levels.

You collected 1277 gold pieces.
You spent 56 gold pieces at shops.

Inventory:

Hand Weapons
 h - a +1 vorpal trident
 l - a +0 hunting sling
 N - a +1 trident of venom (weapon)
 U - a +1 spear of freezing
Missiles
 d - 4 throwing nets (quivered)
 i - 12 javelins
 m - 134 sling bullets
 o - 222 stones
 I - 11 curare-tipped darts
Armour
 n - a +0 pair of gloves (worn)
 t - a +0 pair of boots (worn)
 B - a +3 leather armour of cold resistance (worn)
 C - a +1 helmet (worn)
 D - a +0 buckler (worn)
Jewellery
 a - a ring of protection from cold
 c - a ring of flight (right hand)
 v - a ring of protection from fire (left hand)
 z - a ring of ice
 A - the amulet "Luveceusam" (around neck) {*Slow Fragile Will+++ Regen+ Slay+4}
   (You found it on level 5 of the Dungeon)

   [amulet of regeneration]

   It affects your accuracy and damage with ranged weapons and melee attacks
   (+4).
   It increases your rate of health regeneration.
   It may slow you when you take damage.
   It will be destroyed if unequipped.
   It greatly increases your willpower.
 J - a ring of fire
Wands
 F - a wand of flame (17)
 O - a wand of iceblast (5)
Scrolls
 e - 4 scrolls of enchant armour
 f - 3 scrolls of immolation
 q - 3 scrolls of fog
 u - 2 scrolls of enchant weapon {unknown}
 x - 5 scrolls of teleportation
 y - a scroll of magic mapping {unknown}
 E - a scroll of amnesia {unknown}
 G - a scroll of silence {unknown}
 K - 3 scrolls of blinking {unknown}
 L - 3 scrolls of summoning {unknown}
 M - a scroll of acquirement {unknown}
 Q - 2 scrolls of noise {unknown}
 S - a scroll of holy word {unknown}
 T - a scroll of identify
Potions
 b - 3 potions of mutation
 j - a potion of invisibility
 k - a potion of attraction
 p - 4 potions of curing
 r - a potion of haste
 s - 2 potions of flight
 w - a potion of resistance
 H - a potion of cancellation
 P - a potion of lignification {unknown}
 R - a potion of ambrosia {unknown}


   Skills:
 + Level 8.7 Fighting
 - Level 14.0 Polearms
 - Level 1.7 Throwing
 + Level 8.3 Dodging
 + Level 7.7 Shields
 + Level 11.0 Invocations


You had 7 spell levels left.
You knew the following spells:

 Your Spells              Type           Power      Damage    Failure   Level
a - Blink                 Tloc           N/A        N/A       52%         2
b - Mephitic Cloud        Conj/Pois/Air  0%         N/A       77%         3

Your spell library contained the following spells:

 Spells                   Type           Power      Damage    Failure   Level
 Foxfire                  Conj/Fire      0%         2x1d4     38%         1
 Magic Dart               Conj           0%         1d3       38%         1
 Call Imp                 Summ           0%         N/A       52%         2
 Slow                     Hex            0%         N/A       52%         2
 Conjure Flame            Conj/Fire      0%         6-21      77%         3
 Inner Flame              Hex/Fire       0%         N/A       77%         3
 Ice Form                 Ice/Tmut       0%         N/A       99%         4
 Sticky Flame             Conj/Fire      0%         2d3       99%         4
 Summon Ice Beast         Ice/Summ       0%         N/A       99%         4
 Fireball                 Conj/Fire      0%         3d3       100%        5
 Freezing Cloud           Conj/Ice/Air   0%         6-21      100%        6
 Simulacrum               Ice/Necr       0%         N/A       100%        6
 Ozocubu's Refrigeration  Ice            0%         4d5       100%        7


Dungeon Overview and Level Annotations

Branches:
Dungeon (11/15)            Temple (1/1) D:5            Lair (5/6) D:8
 Shoals (0/4) Lair:4       Spider (0/4) Lair:4
  Slime: Lair:5-6       Orc: D:9-12

Altars:
Ashenzari
Cheibriados
Dithmenos
Elyvilon
Fedhas
Gozag
Hepliaklqana
Kikubaaqudgha
Makhleb
Nemelex Xobeh
Okawaru
Qazlal
Ru
Sif Muna
Trog
Uskayaw
Vehumet
Wu Jian
Xom
Yredelemnul
Zin
The Shining One

Shops:
D:3 (   D:9 *   D:11 :

Portals:
Trove: D:10 (give 6 scrolls of fear)


Innate Abilities, Weirdness & Mutations

You have sharp toenails.
You are partially covered in sharp spines.
Your melee attacks may debilitate your foes.
Your movements are significantly less encumbered by armour. (ER -6)
A meltable shield of frost defends you. (SH +4)
Your maledictions are enhanced.


Message History

The swamp worm looks incredibly listless.
The swamp worm is drained!
The swamp worm looks faint for a moment!
You feel a surge of magic.
You feel your power returning. The alligator is struck by your spines.
The alligator barely misses you. The alligator tail-slaps you.
* * * LOW HITPOINT WARNING * * *
You draw a card...
You have drawn the Tomb.
Nothing appears to happen.
The vampire mosquito buzzes angrily.
The five-headed hydra roars!
You hear an angry buzzing noise.
A vampire mosquito comes into view.
The alligator misses you. You block the alligator's attack.
You hear a howl!
The vampire mosquito buzzes angrily.
You draw... (choose one card, ? for their descriptions) a - Exile
b - the Tomb
c - the Tomb You have drawn Exile.
The alligator is devoured by a tear in reality.
The vampire mosquito is devoured by a tear in reality.
You hear an angry buzzing noise.
You hear a roar!
You hear a howl!
Your Invocations skill increases to level 11!
You feel very mighty all of a sudden.
You block the five-headed hydra's attack.
The five-headed hydra completely misses you.
The five-headed hydra bites you!
* * * LOW HITPOINT WARNING * * *
You block the five-headed hydra's attack. x2
A vampire mosquito comes into view.
You puncture the five-headed hydra!
The five-headed hydra is moderately wounded.
You puncture the five-headed hydra!
The five-headed hydra is heavily wounded.
The five-headed hydra is struck by your spines.
The five-headed hydra bites you!
* * * LOW HITPOINT WARNING * * *
The five-headed hydra completely misses you.
The five-headed hydra bites you.
You die...
Your body glows slightly and disappears.

.≈≈..#≈ ≈≈.≈≈≈≈ ≈≈≈≈≈≈≈
.w§≈≈≈ P≈.#. ≈D≈≈#≈≈ ≈.≈≈≈
yw§≈≈≈≈ ≈≈.P≈≈ ##Dyy.≈≈≈
.≈≈≈ ##@##≈t≈
≈≈≈######≈≈≈!≈≈
#≈≈#≈Y≈≈≈≈##≈≈ ##
≈≈#≈#≈≈#Y################..
........Y........<.........
.#.#.##.....<..............
#....................
##...................
#.<.................


You could see 2 five-headed hydras, a swamp worm and 2 vampire mosquitoes.

Vanquished Creatures
  Josephine (D:10)
  3 hydras
  5 death yaks (Lair:2)
  Sonja (D:11)
  The ghost of Mels the Changer, a novice OpTm of Cheibriados (D:7)
  Pikel (D:5)
  The ghost of scammafunk the Shield-Bearer, a novice FoFi of Jiyva (D:7)
  A cyclops (D:11)
  4 black mambas
  A merfolk siren (Lair:4)
  5 elephants (Lair:3)
  Joseph (D:9)
  5 centaur zombies
  4 cane toads
  3 unseen horrors
  2 komodo dragons
  A troll (D:9)
  2 polar bears
  Prince Ribbit (D:8)
  A merfolk (Lair:4)
  5 blink frogs (Lair:4)
  6 dream sheep (Lair:4)
  3 wyverns
  25 yaks
  4 wraiths
  2 basilisks (Lair:2)
  Grum (D:8)
  2 steam dragons
  3 wargs (D:7)
  7 vampire mosquitoes
  11 water moccasins
  Edmund (D:5)
  3 orc warriors
  2 sky beasts (D:6)
  An ice beast (D:6)
  4 black bears
  6 wolves
  3 ogres
  A lemure (D:3)
  A kobold brigand (D:8)
  A phantom (D:6)
  7 bullfrogs
  4 scorpions
  13 killer bees
  8 wights
  7 howler monkeys
  A gnoll shaman (D:7)
  4 jellies
  8 orc priests
  4 hounds
  4 iguanas
  3 bullfrog skeletons
  7 orc wizards
  2 howler monkey zombies
  6 gnolls
  9 adders
  A white imp (D:6)
  An ufetubus (D:5)
  An adder skeleton (D:4)
  A worm (D:2)
  2 dart slugs
  17 orcs
  A ball python (D:4)
  4 endoplasms
  3 giant cockroaches
  7 goblins
  7 hobgoblins
  4 jackals (D:1)
  4 quokkas
  2 bats
  2 frilled lizards
  9 kobolds
  3 rats
292 creatures vanquished.

Vanquished Creatures (others)
  11 bushes (Lair:2)
  9 fungi
  57 plants
  6 withered plants (D:7)
83 creatures vanquished.

Grand Total: 375 creatures vanquished

Notes
Turn   | Place    | Note
-------+----------+-------------------------------------------
     0 | D:1      | siradein the Demonspawn Gladiator began the quest for the
                  | Orb.
     0 | D:1      | Reached XP level 1. HP: 16/16 MP: 1/1
    51 | D:1      | Reached skill level 3 in Polearms
   206 | D:1      | Found a faded altar of an unknown god.
   214 | D:1      | Gained mutation: You have sharp toenails. [demonic
                  | ancestry]
   214 | D:1      | Reached XP level 2. HP: 22/22 MP: 2/2
   643 | D:1      | Reached XP level 3. HP: 25/27 MP: 3/3
   732 | D:2      | Reached skill level 4 in Polearms
  1203 | D:2      | Reached XP level 4. HP: 33/33 MP: 4/4
  1325 | D:2      | Found a shimmering altar of Xom.
  2167 | D:3      | Found Pofukitiv's Antique Weapon Shoppe.
  2714 | D:4      | Reached skill level 5 in Polearms
  3024 | D:4      | Noticed a scorpion
  3142 | D:4      | Gained mutation: A meltable shield of frost defends you.
                  | (SH +4) [demonic ancestry]
  3142 | D:4      | Reached XP level 5. HP: 23/38 MP: 5/5
  3557 | D:4      | Reached skill level 6 in Polearms
  3737 | D:4      | Reached XP level 6. HP: 40/44 MP: 6/6
  4133 | D:5      | Entered Level 5 of the Dungeon
  4470 | D:5      | Found a staircase to the Ecumenical Temple.
  4472 | D:5      | Noticed Pikel
  4472 | D:5      | Noticed Edmund
  4580 | D:4      | Reached skill level 7 in Polearms
  5696 | D:5      | Gained mutation: Your movements are slightly less
                  | encumbered by armour. (ER -2) [demonic ancestry]
  5696 | D:5      | Reached XP level 7. HP: 50/50 MP: 7/7
  5946 | D:5      | Reached skill level 8 in Polearms
  6062 | D:5      | Reached skill level 9 in Polearms
  6062 | D:5      | Gained mutation: You are partially covered in sharp spines.
                  | [demonic ancestry]
  6062 | D:5      | Reached XP level 8. HP: 51/56 MP: 8/8
  6161 | Temple   | Entered the Ecumenical Temple
  6429 | Temple   | Became a worshipper of Nemelex Xobeh the Trickster
  6750 | D:5      | Identified the amulet "Luveceusam" {*Slow Fragile Will+++
                  | Regen+ Slay+4}
  6972 | D:5      | Reached skill level 10 in Polearms
  6976 | D:5      | Found a hide-covered altar of Uskayaw.
  7053 | D:5      | Killed Edmund
  7097 | D:5      | Killed Pikel
  7098 | D:5      | Reached skill level 11 in Polearms
  7240 | D:6      | Gained mutation: Your movements are less encumbered by
                  | armour. (ER -4) [demonic ancestry]
  7240 | D:6      | Reached XP level 9. HP: 59/61 MP: 9/9
  7456 | D:6      | Reached * piety under Nemelex Xobeh
  7923 | D:6      | Found a bloodstained altar of Trog.
  7931 | D:6      | Found a stormy altar of Qazlal.
  7934 | D:6      | Found a shimmering altar of Xom.
  7948 | D:6      | Found a broken altar of Ashenzari.
  7969 | D:6      | Found an iron altar of Okawaru.
  8045 | D:6      | Found a shimmering blue altar of Sif Muna.
  8091 | D:6      | Found a hazy altar of Hepliaklqana.
  8381 | D:7      | Found a runed translucent gate.
  8381 | D:7      | Found a runed translucent gate.
  8381 | D:7      | Found a runed translucent gate.
  8382 | D:7      | Noticed Mels's ghost (novice OpTm)
  8383 | D:7      | Noticed scammafunk's ghost (novice FoFi)
  8408 | D:7      | Received a gift from Nemelex Xobeh
  8514 | D:7      | Reached skill level 12 in Polearms
  9267 | D:8      | Noticed Prince Ribbit
  9278 | D:8      | Killed Prince Ribbit
  9279 | D:8      | Reached skill level 13 in Polearms
  9312 | D:8      | Reached ** piety under Nemelex Xobeh
  9399 | D:8      | Found a staircase to the Lair.
  9475 | D:7      | Gained mutation: Your movements are significantly less
                  | encumbered by armour. (ER -6) [demonic ancestry]
  9475 | D:7      | Reached XP level 10. HP: 34/67 MP: 10/10
  9946 | D:8      | Noticed Grum
  9997 | D:8      | Killed Grum
 10465 | D:9      | Reached skill level 14 in Polearms
 10518 | D:9      | Noticed Joseph
 10535 | D:9      | Killed Joseph
 10536 | D:9      | Reached skill level 1 in Shields
 10536 | D:9      | Reached skill level 1 in Invocations
 10598 | D:9      | Received a gift from Nemelex Xobeh
 10817 | D:9      | Found Tazoibb's Assorted Antiques.
 10979 | D:10     | Entered Level 10 of the Dungeon
 11105 | D:10     | Noticed Josephine
 11404 | D:10     | Gained mutation: Your maledictions are enhanced. [demonic
                  | ancestry]
 11404 | D:10     | Reached XP level 11. HP: 59/76 MP: 14/14
 11573 | D:10     | Reached *** piety under Nemelex Xobeh
 11613 | D:10     | HP: 2/75 [vampire mosquito (4)]
 11729 | D:10     | Received a gift from Nemelex Xobeh
 11822 | D:10     | Found a radiant altar of Vehumet.
 11977 | D:10     | Reached skill level 5 in Invocations
 12054 | D:10     | Found a portal to a secret trove of treasure.
 12207 | D:10     | Killed Josephine
 12374 | D:11     | Noticed a boulder beetle
 12534 | D:11     | Reached skill level 5 in Dodging
 12549 | D:11     | Noticed Sonja
 12670 | D:11     | Received a gift from Nemelex Xobeh
 12786 | Lair:1   | Entered Level 1 of the Lair of Beasts
 12804 | Lair:1   | Reached skill level 5 in Fighting
 13031 | Lair:1   | Received a gift from Nemelex Xobeh
 13563 | Lair:2   | Received a gift from Nemelex Xobeh
 13665 | Lair:2   | Reached skill level 5 in Shields
 13798 | Lair:2   | Noticed a death yak
 13798 | Lair:2   | Noticed a death yak
 13798 | Lair:2   | Noticed a death yak
 13798 | Lair:2   | Noticed a death yak
 13798 | Lair:2   | Noticed a death yak
 14076 | D:11     | Found Kemn's Book Shoppe.
 14117 | D:11     | Noticed an eight-headed hydra
 14119 | D:11     | Killed an eight-headed hydra
 14130 | D:11     | Gained mutation: Your melee attacks may debilitate your
                  | foes. [demonic ancestry]
 14130 | D:11     | Reached XP level 12. HP: 65/89 MP: 17/17
 14233 | D:11     | Killed Sonja
 14799 | Lair:2   | Reached **** piety under Nemelex Xobeh
 14862 | Lair:2   | Received a gift from Nemelex Xobeh
 14926 | Lair:2   | Killed a death yak
 14990 | Lair:2   | Killed a death yak
 15105 | Lair:2   | Learned a level 2 spell: Blink
 15109 | Lair:2   | Learned a level 3 spell: Mephitic Cloud
 15237 | Lair:2   | Killed a death yak
 15256 | Lair:2   | Killed a death yak
 15299 | Lair:2   | Killed a death yak
 15718 | D:9      | Bought a scroll of identify for 56 gold pieces
 16027 | D:7      | Killed Mels's ghost
 16040 | D:7      | Killed scammafunk's ghost
 16329 | Lair:3   | Noticed a seven-headed hydra
 16340 | Lair:3   | Killed a seven-headed hydra
 16398 | Lair:3   | Reached skill level 10 in Invocations
 16842 | Lair:4   | Reached XP level 13. HP: 76/98 MP: 20/20
 17108 | Lair:4   | Found a hole to the Spider Nest.
 17286 | Lair:4   | Received a gift from Nemelex Xobeh
 17323 | Lair:4   | Found a staircase to the Shoals.
 17402 | Lair:4   | Reached ***** piety under Nemelex Xobeh
 17739 | Lair:5   | Slain by a five-headed hydra

Illustrated notes

Levels and vault maps discovered:
D:1:      shiori_arrival_whats_in_store_for_you, layout_rooms,
          hellmonk_ecumenical_altar_run_dry, minmay_misc_feat_alley,
          minmay_pentomino_t4
D:2:      layout_basic, basic_altar
D:3:      layout_loops_ring, serial_shops,
          nicolae_shop_competitors_out_of_business
D:4:      layout_gridville
D:5:      layout_basic, marbit_many_paths, minmay_temple_entry_overgrown,
          uniq_pikel, uniq_edmund
D:6:      layout_loops_corners, nicolae_hepliaklqana_hippocampus, led_sif_pool,
          okawaru_metal_pillars_1_2, grunt_temple_overflow_cloverleaf
D:7:      layout_loops_cross, gammafunk_ghost_cemetery
D:8:      layout_loops_ring, erik_lair_orcish_takeover, uniq_prince_ribbit1,
          uniq_grum
D:9:      layout_roguey, serial_shops, shop_coins, dk_noncrumbling_4,
          uniq_joseph
D:10:     layout_irregular_city, nicolae_vehumet_radiance, enter_trove_3,
          uniq_josephine
D:11:     layout_loops_cross, serial_shops, nicolae_shop_waterfront,
          minmay_misc_feat_square, uniq_sonja
Temple:   oiseaux_autumnal_temple
Lair:1:   layout_misc_corridors
Lair:2:   layout_gridlike, serial_forest, infiniplex_forest_clump_long,
          infiniplex_forest_lined_corner, infiniplex_forest_zigzag_1,
          infiniplex_forest_end_2, infiniplex_forest_lined_2,
          infiniplex_forest_3_way
Lair:3:   layout_misc_corridors, chequers_serial_rivers_micro_e
Lair:4:   layout_cave_shapes, elwin_shoals_entry_rooms,
          spider_nest_entry_web_field, serial_bayou_shore_a
Lair:5:   onia_ninara_swampy_vault, layout_long_grid, slime_dummy

Skill      XL: |  1  2  3  4  5  6  7  8  9 10 11 12 13 |
---------------+----------------------------------------+-----
Polearms       | 3 4 5 6 7 9 11 13 14 | 14.0
Dodging        | 4 6 7 8 |  8.3
Shields        | 2 5 7 |  7.7
Invocations    | 4 7 10 11 | 11.0
Fighting       | 3 6 8 |  8.7
Throwing       | |  1.7

Action                   |  1- 3 |  4- 6 |  7- 9 | 10-12 | 13-15 || total
-------------------------+-------+-------+-------+-------+-------++-------
Melee: Trident           |   102 |   191 |   148 |   691 |    70 ||  1202
       Kick              |     9 |    10 |       |       |       ||    19
       Halberd           |       |       |   101 |       |       ||   101
       Spear             |       |       |       |       |    17 ||    17
 Fire: Hunting sling     |       |     7 |       |       |       ||     7
Invok: Draw Destruction  |       |       |       |     7 |     2 ||     9
       Triple Draw       |       |       |       |     3 |     2 ||     5
       Draw Summoning    |       |       |       |     3 |       ||     3
       Draw Escape       |       |       |       |     1 |     1 ||     2
  Use: Scroll            |       |     3 |     3 |     7 |       ||    13
       Potion            |       |       |       |     2 |     1 ||     3
 Stab: Sleeping          |     2 |     2 |     5 |       |       ||     9
       Distracted        |       |     1 |     1 |       |       ||     2
Armor: Leather armour    |    30 |    55 |    60 |    95 |     9 ||   249
Dodge: Dodged            |    48 |    91 |    91 |   197 |    38 ||   465
Block: Other             |       |    22 |    20 |       |       ||    42
       Buckler           |       |       |    30 |   188 |    35 ||   253

Table legend: (Time is in decaauts)
 A = Elapsed time spent in this place.
 B = Non-inter-level travel time spent in this place.
 C = Inter-level travel time spent in this place.
 D = Time resting spent in this place.
 E = Time spent auto-exploring this place.
 F = Levels seen in this place.
 G = Mean time per level.
                   A        B        C        D        E       F      G
               +--------+--------+--------+--------+--------+-----+--------+
         Total |  17499 |  16292 |   1207 |   1034 |  11398 |  17 | 1029.4 |
       Dungeon |  13581 |  12623 |    958 |    929 |   8730 |  11 | 1234.6 |
        Temple |    292 |    276 |     16 |      0 |    268 |   1 |  292.0 |
          Lair |   3625 |   3393 |    232 |    105 |   2398 |   5 |  725.0 |
               +--------+--------+--------+--------+--------+-----+--------+

Top non-repeatable levels by time:
     D:4: 2109 daAuts
     D:5: 1855 daAuts
  Lair:2: 1330 daAuts
     D:3: 1237 daAuts
    D:10: 1202 daAuts
     D:9: 1196 daAuts
     D:2: 1191 daAuts
     D:7: 1175 daAuts
     D:6: 1153 daAuts
     D:8: 938 daAuts
  Lair:4: 888 daAuts
    D:11: 825 daAuts
  Lair:1: 780 daAuts
     D:1: 695 daAuts
  Lair:3: 595 daAuts
